 Dungeon Crawl Stone Soup version 0.28-a0-503-g83f2989fac (webtiles) character file.

Game seed: 14247478007907922730

98 mg7810 the Skirmisher (level 4, -1/35 HPs)
             Began as a Demonspawn Monk on Sept 20, 2021.
             Slain by a gnoll (7 damage)
             ... on level 2 of the Dungeon.
             The game lasted 00:04:56 (2424 turns).

mg7810 the Skirmisher (Demonspawn Monk)             Turns: 2424, Time: 00:04:56

Health: -1/35      AC:  5    Str: 13    XL:     4   Next: 44%
Magic:  4/4        EV: 11    Int: 11    God:
Gold:   115        SH:  0    Dex: 15    Spells: 3/3 levels left

rFire   . . .      SeeInvis .   a - +0 hand axe
rCold   . . .      Faith    .   (no shield)
rNeg    . . .      Spirit   .   h - +0 ring mail
rPois   .          Reflect  .   (helmet restricted)
rElec   .          Harm     .   (no cloak)
rCorr   .          Rampage  .   (no gloves)
Will    .....                   (no boots)
Stlth   +.........              (no amulet)
HPRegen 0.11/turn               (no ring)
MPRegen 0.09/turn               (no ring)

@: weak-willed
A: antennae 2
a: no special abilities


You were on level 2 of the Dungeon.
You visited 1 branch of the dungeon, and saw 2 of its levels.

You collected 115 gold pieces.

Inventory:

Hand Weapons
 a - a +0 hand axe (weapon)
Missiles
 i - a boomerang
 j - 2 poisoned darts (quivered)
Armour
 h - a +0 ring mail (worn)
Potions
 b - a potion of heal wounds {unknown}
 d - a potion of mutation {unknown}
 e - a potion of degeneration {unknown}
 f - a potion of flight {unknown}


   Skills:
 + Level 3.3 Fighting
 + Level 3.2 Axes
 * Level 0.9 Throwing
 * Level 1.7 Armour
 + Level 3.0 Dodging
 - Level 2.0 Stealth
 * Level 1.0 Unarmed Combat


You had 3 spell levels left.
You didn't know any spells.
Your spell library was empty.

Dungeon Overview and Level Annotations

Branches:
Dungeon (2/15)

Altars:

Shops:
D:2 ?


Innate Abilities, Weirdness & Mutations

You have a pair of antennae on your head.


Message History

Aim: a gnoll, wielding a +0 whip (lightly wounded, poisoned, 63% to hit)
You throw a poisoned dart. The poisoned dart hits the gnoll.
The gnoll is lightly wounded.
As you read the scroll labelled RYOW QUTSIUSKYA, it crumbles to dust.
Magic quickly surges around you.
It was a scroll of vulnerability.
The gnoll looks more healthy.
A gnoll comes into view. It is wielding a +0 whip.
Found Niju's Magic Scroll Shop.
As you read the scroll labelled LYPNAHI FATRAX, it crumbles to dust.
The creatures around you are filled with an inner flame!
It was a scroll of immolation.
There is an entrance to Niju's Magic Scroll Shop here.
You hit the gnoll.
Flame seeps out of the gnoll.
The gnoll is heavily wounded.
The gnoll is engulfed in blazing flames.
The gnoll explodes!
The fiery explosion engulfs you!!
Ouch! That really hurt!
* * * LOW HITPOINT WARNING * * *
You feel a bit more experienced.
You hear an explosion!
You hear a shout!
Your Unarmed Combat skill increases to level 1!
Throw: 5 darts (poison)
Press: ? - help, Q - select action, (/) - cycle Shift-Dir - straight line, f - gnoll
Aim: a gnoll, wielding a +0 whip (weak-willed, 63% to hit)
You throw a poisoned dart.
The poisoned dart closely misses the gnoll.
Throw: 4 darts (poison)
Press: ? - help, Q - select action, (/) - cycle Shift-Dir - straight line, f/p - gnoll
Aim: a gnoll, wielding a +0 whip (weak-willed, 63% to hit)
You throw a poisoned dart. The poisoned dart hits the gnoll.
Throw: 3 darts (poison)
Press: ? - help, Q - select action, (/) - cycle Shift-Dir - straight line, f/p - gnoll
Aim: a gnoll, wielding a +0 whip (weak-willed, 63% to hit)
You throw a poisoned dart. The poisoned dart hits the gnoll.
The gnoll is poisoned.
You hit the gnoll but do no damage.
The gnoll is heavily wounded.
The gnoll hits you with a +0 whip!
You die...

#.).# #.#. #.#
#...########.#.##.# ##
#.........##.#..#.##########.
#####.).#####.##.##.#.##.........
..............##......##......##.
...........)...............(..##.
..............##.#...#.#......##.
#####...#####.##÷.###..#......##.
#.........##@.# #..######.##.
#...########g.# #..# #..†. #...#
#.#.....# ###### #...# #.####..#
###...# ######.## #.####..#
#.g..g## .[.....# #.......#
#.#{...g ########
######.####(###### ....# #...(..#
.##.#### ##### ########


You could see a gnoll (weak-willed).

Vanquished Creatures
  Jessica (D:2)
  2 gnolls (D:2)
  An adder (D:2)
  An orc (D:2)
  4 ball pythons
  4 bats
  3 endoplasms (D:1)
  2 giant cockroaches (D:1)
  A goblin (D:1)
  8 hobgoblins
  3 quokkas (D:1)
  3 frilled lizards
  5 kobolds (D:1)
  3 rats (D:1)
41 creatures vanquished.

Vanquished Creatures (others)
  2 fungi (D:1)
  2 toadstools (D:1)
4 creatures vanquished.

Grand Total: 45 creatures vanquished

Notes
Turn   | Place    | Note
-------+----------+-------------------------------------------
     0 | D:1      | mg7810 the Demonspawn Monk began the quest for the Orb.
     0 | D:1      | Reached XP level 1. HP: 18/18 MP: 1/1
    25 | D:1      | Found a faded altar of an unknown god.
   419 | D:1      | Gained mutation: You have a pair of small antennae on your
                  | head. [demonic ancestry]
   419 | D:1      | Reached XP level 2. HP: 20/24 MP: 2/2
   678 | D:1      | Reached skill level 1 in Armour
  1223 | D:1      | Gained mutation: You have a pair of antennae on your head.
                  | [demonic ancestry]
  1223 | D:1      | Reached XP level 3. HP: 28/29 MP: 3/3
  1937 | D:2      | Noticed Jessica
  1946 | D:2      | Killed Jessica
  2037 | D:2      | Reached XP level 4. HP: 35/35 MP: 4/4
  2394 | D:2      | Found Niju's Magic Scroll Shop.
  2404 | D:2      | Reached skill level 1 in Unarmed Combat
  2424 | D:2      | Slain by a gnoll

Illustrated notes

Levels and vault maps discovered:
D:1:      dpeg_arrival_shrine, layout_loops_ring, ebering_ecumenical_altar_hall,
          minmay_gold_behind_fungi
D:2:      layout_loops_cross, serial_shops, shop, uniq_jessica

Skill      XL: |  1  2  3  4 |
---------------+-------------+-----
Armour         | 1 |  1.7
Axes           | 3 |  3.2
Dodging        | 3 |  3.0
Stealth        | 2 |  2.0
Unarmed Combat | 1 |  1.0
Fighting       | |  3.3
Throwing       | |  0.9

Action                   |  1- 3 |  4- 6 || total
-------------------------+-------+-------++-------
Melee: Hand axe          |   131 |    28 ||   159
Throw: Boomerang         |    13 |       ||    13
       Dart              |     2 |     8 ||    10
  Use: Scroll            |     1 |     2 ||     3
 Stab: Sleeping          |     1 |       ||     1
       Distracted        |     1 |       ||     1
Armor: Robe              |     7 |       ||     7
       Leather armour    |    19 |       ||    19
       Ring mail         |     6 |     7 ||    13
Dodge: Dodged            |    91 |    21 ||   112

Table legend: (Time is in decaauts)
 A = Elapsed time spent in this place.
 B = Non-inter-level travel time spent in this place.
 C = Inter-level travel time spent in this place.
 D = Time resting spent in this place.
 E = Time spent auto-exploring this place.
 F = Levels seen in this place.
 G = Mean time per level.
                   A        B        C        D        E       F      G
               +--------+--------+--------+--------+--------+-----+--------+
         Total |   2453 |   2419 |     34 |      0 |   1930 |   2 | 1226.5 |
       Dungeon |   2453 |   2419 |     34 |      0 |   1930 |   2 | 1226.5 |
               +--------+--------+--------+--------+--------+-----+--------+

Top non-repeatable levels by time:
     D:1: 1776 daAuts
     D:2: 676 daAuts
